 Dungeon Crawl Stone Soup version 0.25.0-11-g1f837a76a1 (webtiles) character file.

Game seed: 17357343322837333137

1101 Esekla the Slasher (level 8, -1/67 HPs)
             Began as a White Draconian Skald on June 24, 2020.
             Slain by a human
             ... wielding a +0 long sword
              (4 damage)
             ... on level 8 of the Dungeon.
             The game lasted 00:45:52 (6338 turns).

Esekla the Slasher (White Draconian Skald)          Turns: 6338, Time: 00:45:52

Health: -1/67      AC: 16    Str: 13    XL:     8   Next: 10%
Magic:  9/13       EV: 14    Int: 13    God:
Gold:   234        SH:  0    Dex: 14    Spells: 3/13 levels left

rFire    . . .     SeeInvis .   a - +0 falchion
rCold    + . .     Gourm    .   (no shield)
rNeg     . . .     Faith    .   (armour unavailable)
rPois    .         Spirit   .   (helmet restricted)
rElec    .         Reflect  .   q - +0 cloak
rCorr    .         Harm     .   (no gloves)
MR       .....                  (no boots)
Stlth    +.........             (no amulet)
HPRegen  0.21/turn              (no ring)
MPRegen  0.13/turn              h - +4 ring of protection

@: icy armour, about to teleport, short of breath
A: breathe frost, unfitting armour, cold resistance 1, cold-blooded, AC +6
a: Breathe Frost


You were on level 8 of the Dungeon.
You were hungry.

You visited 1 branch of the dungeon, and saw 7 of its levels.

You collected 234 gold pieces.

Inventory:

Hand Weapons
 a - a +0 falchion (weapon)
 d - a +0 spear
 g - a +0 short sword
Missiles
 j - 4 boomerangs (quivered)
Armour
 q - a +0 cloak (worn)
Jewellery
 h - a +4 ring of protection (right hand)
Wands
 i - a wand of paralysis (2)
Scrolls
 b - 6 scrolls of identify
 f - 2 scrolls of fear {unknown}
 k - 2 scrolls of random uselessness {unknown}
 m - 3 scrolls of magic mapping {unknown}
 o - a scroll of enchant armour {unknown}
 p - a scroll of blinking {unknown}
 r - 2 scrolls of amnesia {unknown}
 s - a scroll of immolation {unknown}
 u - a scroll of remove curse
 v - a scroll of enchant weapon {unknown}
Potions
 e - 2 potions of degeneration
 t - a potion of stabbing {unknown}
 w - a potion of invisibility {unknown}
 x - a potion of flight {unknown}
Comestibles
 c - 9 rations


   Skills:
 + Level 4.8 Fighting
 + Level 5.3 Long Blades
 + Level 3.6 Dodging
 * Level 3.4 Spellcasting
 * Level 1.8 Conjurations
 + Level 3.0 Charms
 * Level 3.2 Translocations
 * Level 3.2 Ice Magic


You had 3 spell levels left.
You knew the following spells:

 Your Spells              Type           Power        Failure   Level  Hunger
a - Ozocubu's Armour      Chrm/Ice       ##......     19%         3    ###....
b - Infusion              Chrm           ##..         6%          1    #......
e - Searing Ray           Conj           #.....       16%         2    ##.....
g - Shroud of Golubria    Chrm/Tloc      ##....       9%          2    ##.....
s - Song of Slaying       Chrm           ##......     10%         2    ##.....

Your spell library contained the following spells:

 Spells                   Type           Power        Failure   Level  Hunger
 Magic Dart               Conj           #...         11%         1    #......
 Spectral Weapon          Hex/Chrm       #.......     34%         3    ###....
 Dazzling Flash           Conj/Hex       #.....       41%         3    ###....
 Iskenderun's Mystic Bla  Conj/Tloc      #.......     61%         4    #####..
 Fulminant Prism          Conj/Hex       #.........   83%         4    #####..


Dungeon Overview and Level Annotations

Branches:
Dungeon (6/15)
 Temple: D:4-7

Altars:
Ashenzari
Fedhas
Okawaru
Uskayaw
Xom

Annotations:
D:5 Edmund, Ijyb


Innate Abilities, Weirdness & Mutations

You can breathe waves of freezing cold.
You can buffet flying creatures when you breathe cold.
Your icy white scales are hard. (AC +6)
You cannot fit into any form of body armour.
Your flesh is cold resistant. (rC+)
You are cold-blooded and may be slowed by cold attacks.


Message History

The human is almost dead.
The human misses you. x2; You riposte.
You closely miss the human.
The human is almost dead.
You closely miss the human.
The human is almost dead.
The human hits you with a +0 long sword!
* * * LOW HITPOINT WARNING * * *
The human barely misses you.
Okay, then.
Okay, then.
As you read the scroll of teleportation, it crumbles to dust.
You feel strangely unstable. The human closely misses you.
You riposte.
You are feeling hungry.
You hit the human but do no damage.
Okay, then.
You closely miss the human.
The human is almost dead.
The human hits you but does no damage.
The human hits you with a +0 long sword.
You die...

######
#.p@8#
#.p###
#_.
#..
#..
###


You could see 2 humans.

Vanquished Creatures
  Sigmund (D:4)
  2 phantoms (D:4)
  2 ogres (D:4)
  A centaur (D:3)
  2 scorpions
  A crimson imp (D:5)
  Crazy Yiuf (D:4)
  A jelly (D:5)
  An orc wizard (D:3)
  3 worker ants
  A hound zombie (D:5)
  7 gnolls
  5 adders
  2 shadow imps (D:5)
  An ooze (D:3)
  2 worms (D:2)
  2 dart slugs
  4 leopard geckos
  5 orcs
  5 giant cockroaches
  5 hobgoblins
  6 jackals
  2 quokkas (D:2)
  3 bats (D:1)
  4 frilled lizards
  7 goblins
  4 kobolds
  8 rats
88 creatures vanquished.

Notes
Turn   | Place    | Note
-------+----------+-------------------------------------------
     0 | D:1      | Esekla the Draconian Skald began the quest for the Orb.
     0 | D:1      | Reached XP level 1. HP: 17/17 MP: 3/3
    46 | D:1      | Found a shimmering altar of Xom.
   138 | D:1      | Reached XP level 2. HP: 19/25 MP: 5/5
   689 | D:1      | Learned a level 2 spell: Shroud of Golubria
   692 | D:1      | Learned a level 2 spell: Song of Slaying
   837 | D:1      | Reached XP level 3. HP: 30/30 MP: 6/6
  1709 | D:3      | Noticed a centaur
  2089 | D:1      | Reached skill level 3 in Long Blades
  2089 | D:1      | Reached XP level 4. HP: 33/38 MP: 4/7
  2943 | D:4      | Reached skill level 1 in Translocations
  3167 | D:4      | Noticed an ogre
  3686 | D:3      | Reached XP level 5. HP: 35/45 MP: 6/8
  3710 | D:3      | Found a shattered altar of Ashenzari.
  3944 | D:3      | Killed a centaur
  3944 | D:3      | Reached skill level 4 in Long Blades
  3951 | D:3      | Learned a level 3 spell: Ozocubu's Armour
  4310 | D:4      | Reached XP level 6. HP: 52/52 MP: 8/10
  4430 | D:4      | Noticed Sigmund
  4457 | D:4      | Killed Sigmund
  4457 | D:4      | Reached skill level 1 in Ice Magic
  4563 | D:4      | Your scales start taking on an icy white colour.
  4563 | D:4      | Reached XP level 7. HP: 17/60 MP: 11/11
  4563 | D:4      | Gained mutation: Your flesh is cold resistant. (rC+) [White
                  | Draconian growth]
  4589 | D:5      | Entered Level 5 of the Dungeon
  4811 | D:6      | Learned a level 2 spell: Searing Ray
  4957 | D:5      | Noticed Edmund
  5170 | D:5      | Noticed a troll
  5216 | D:5      | Noticed Ijyb
  5516 | D:4      | Found a blossoming altar of Fedhas.
  5614 | D:4      | Reached skill level 1 in Conjurations
  5672 | D:4      | Reached skill level 5 in Long Blades
  5710 | D:4      | Found a runed translucent door.
  5711 | D:4      | Noticed Crazy Yiuf
  5735 | D:4      | Killed Crazy Yiuf
  5942 | D:4      | Reached XP level 8. HP: 67/67 MP: 5/13
  6275 | D:6      | Found a hide-covered altar of Uskayaw.
  6304 | D:6      | You fall into a shaft and drop 2 floors!
  6304 | D:8      | Found an iron altar of Okawaru.
  6336 | D:8      | HP: 3/67 [human/+0 long sword (12)]
  6338 | D:8      | Slain by a human

Illustrated notes

Levels and vault maps discovered:
D:1:      elethiomel_arrival_shortcut, layout_loops_ring, st_stairs_14,
          kennysheep_flooded_box, minmay_door_square, minmay_tetromino_i4
D:2:      layout_basic
D:3:      layout_basic, nicolae_ashenzari_panopticon
D:4:      layout_gridville, kennysheep_mini, first_ration, uniq_sigmund,
          uniq_crazy_yiuf_cottage
D:5:      layout_loops_ring, minivault_4, minmay_fractal_squares_5, uniq_ijyb,
          uniq_edmund
D:6:      layout_gridville, eat_drink_and_be_merry_uskayaw
D:8:      layout_basic, nicolae_overflow_crystal_walls,
          kiku_gazebo_garden_becter, erik_lair_dragon, serial_park_tiny_2,
          okawaru_humans

Skill      XL: |  1  2  3  4  5  6  7  8 |
---------------+-------------------------+-----
Fighting       | 3 4 |  4.8
Long Blades    | 3 4 5 |  5.3
Translocations | 1 2 3 |  3.2
Dodging        | 3 |  3.6
Ice Magic      | 1 2 3 |  3.2
Spellcasting   | 3 |  3.4
Conjurations   | 1 |  1.8
Charms         | 3 |  3.0

Action                   |  1- 3 |  4- 6 |  7- 9 || total
-------------------------+-------+-------+-------++-------
Melee: Falchion          |   126 |   166 |   155 ||   447
       Tailslap          |    10 |    20 |    18 ||    48
       Short sword       |     1 |       |       ||     1
Throw: Dart              |       |    13 |    14 ||    27
       Boomerang         |       |       |    15 ||    15
 Cast: Shroud of Golubri |     7 |    14 |    11 ||    32
       Song of Slaying   |     2 |     1 |       ||     3
       Ozocubu's Armour  |       |       |     7 ||     7
       Searing Ray       |       |       |     6 ||     6
 Abil: Breathe Frost     |       |       |    10 ||    10
  Use: Scroll            |     1 |     4 |     5 ||    10
       Potion            |       |     1 |     1 ||     2
  Eat: Chunk             |     3 |     9 |     1 ||    13
       Ration            |       |       |     3 ||     3
Armor: Skin              |    37 |    93 |    59 ||   189
Dodge: Dodged            |    79 |    86 |   125 ||   290
       Rpst.: Falchion   |    28 |    26 |    33 ||    87
